Map: Submarine LE

Players

PartinG

  • Race: Protoss Protoss
  • Spawn Location: 5:00

Zest - Winner!

  • Race: Protoss Protoss
  • Spawn Location: 11:00

Event: IEM Katowice 2021

VOD

Have the link to the VOD?

Description

Time

  • Played on: Feb. 28, 2021, 11:10 a.m.
  • Length: 5:14

All games in this series

Show
View Real Time Build Order
Export as new Build Order

PartinG Protoss 

Build Orders: 1 Gate Expand 

Get SALT Encoding   

  12  0:00  Probe  
  13  0:12  Probe  
  14  0:19  Pylon  
  14  0:24  Probe  
  15  0:37  Probe, Gateway  
  16  0:49  Probe  
  17  1:07  Nexus  
  17  1:12  Assimilator  
  17  1:15  Probe  
  18  1:25  Cybernetics Core  
  18  1:28  Probe  
  19  1:40  Probe  
  19  1:44  Pylon  
  20  1:53  Probe, Warp Gate (Chrono Boost)  
  21  2:02  Gateway  
  21  2:07  Gateway  
  21  2:13  Assimilator  
  23  2:25  Gateway  
  21  2:30  Stalker  
  21  2:35  Probe  
  24  2:41  Shield Battery  
  24  2:48  Probe x2  
  26  3:00  Shield Battery  
  26  3:01  Probe  
  26  3:03  Probe  
  27  3:17  Stalker  
  27  3:18  Stalker  
  27  3:19  Stalker  
  33  3:27  Shield Battery  
  33  3:34  Stalker  
  35  3:46  Stalker x2  
  39  3:55  Stalker  
  41  4:09  Stalker  
  39  4:10  Stalker  
  29  4:38  Stalker  
Show
View Real Time Build Order
Export as new Build Order

Zest Protoss - Winner!

Build Orders: Oracle Opening 

Get SALT Encoding   

  12  0:00  Probe  
  13  0:12  Probe  
  14  0:17  Pylon  
  14  0:24  Probe (Chrono Boost)  
  15  0:36  Probe (Chrono Boost), Gateway  
  16  0:44  Probe (Chrono Boost)  
  16  0:45  Assimilator  
  17  0:51  Probe  
  18  1:03  Probe (Chrono Boost)  
  19  1:04  Assimilator  
  19  1:09  Gateway  
  19  1:12  Probe (Chrono Boost)  
  19  1:17  Probe (Chrono Boost)  
  20  1:24  Cybernetics Core  
  21  1:29  Probe  
  22  1:37  Pylon  
  22  1:41  Probe  
  23  1:55  Probe  
  23  2:01  Adept x2  
  28  2:07  Stargate  
  28  2:15  Warp Gate  
  28  2:19  Pylon  
  30  2:37  Stalker  
  32  2:50  Oracle (Chrono Boost)  
  33  3:07  Nexus  
  33  3:14  Shield Battery  
  33  3:18  Oracle (Chrono Boost)  
  33  3:24  Pylon  
  36  3:34  Pylon  
  36  3:45  Shield Battery  
  36  3:57  Void Ray  
  36  4:00  Pylon  
  28  4:22  Stalker x2  
  26  4:40  Probe  
  27  4:46  Stalker, Zealot  
  27  4:52  Probe  

Tags
 
Add a new tag
Caveats
  • Supply blocks, unpowered buildings, or Contaminate may cause inaccurate times.
  • Supply counts are checked every 10 seconds.